Description

(Hatch F, ling,roach,muta,lurker)

Build Order

Get SALT Encoding   

  12  0:00  Drone  
  13  0:12  Overlord  
  13  0:17  Drone  
  14  0:30  Drone x2  
  14  0:35  Drone  
  17  0:52  Hatchery  
  17  0:55  Drone  
  17  0:58  Drone  
  18  1:10  Extractor  
  17  1:12  Spawning Pool  
  17  1:15  Drone  
  17  1:19  Drone  
  18  1:28  Drone  
  19  1:40  Overlord  
  19  1:55  Drone  
  19  2:00  Queen  
  19  2:01  Zergling x2  
  23  2:03  Queen  
  23  2:04  Drone  
  26  2:11  Metabolic Boost  
  26  2:13  Drone  
  28  2:15  Drone  
  28  2:22  Drone  
  29  2:26  Drone  
  30  2:30  Baneling Nest  
  30  2:35  Drone  
  30  2:40  Drone  
  31  2:50  Hatchery  
  30  2:54  Zergling x2  
  30  2:57  Overlord  
  31  3:00  Drone x2  
  31  3:04  Drone  
  34  3:08  Zergling x2  
  34  3:09  Drone  
  36  3:15  Baneling x2, Drone x2  
  36  3:16  Drone  
  36  3:19  Drone  
  40  3:25  Queen  
  42  3:33  Overlord  
  41  3:36  Drone x2  
  41  3:39  Lair  
  43  3:51  Overlord  
  43  3:53  Extractor  
  43  3:55  Drone x3, Extractor  
  44  3:56  Roach Warren  
  44  3:58  Drone  
  44  4:00  Drone x2  
  46  4:09  Drone x2  
  48  4:13  Overlord  
  48  4:14  Evolution Chamber, Drone  
  48  4:20  Zergling x4  
  48  4:22  Overlord  
  48  4:23  Drone x2  
  52  4:26  Drone  
  52  4:30  Overlord  
  52  4:31  Drone  
  54  4:33  Drone  
  54  4:38  Extractor  
  54  4:41  Spire  
  54  4:45  Overseer  
  52  4:55  Drone x3  
  52  4:57  Spine Crawler  
  52  4:58  Drone  
  55  5:04  Drone x4  
  55  5:07  Drone x4  
  62  5:09  Drone, Extractor  
  63  5:14  Drone x2  
  63  5:20  Extractor  
  64  5:22  Overlord  
  64  5:27  Roach x4  
  74  5:28  Roach  
  74  5:30  Roach  
  76  5:39  Overlord  
  76  5:40  Zergling x6  
  76  5:41  Zergling x2  
  80  5:52  Mutalisk  
  80  5:53  Mutalisk x5  
  80  5:56  Mutalisk  
  94  6:06  Glial Reconstitution  
  94  6:07  Zerg Missile Weapons Level 1  
  94  6:08  Drone x4  
  94  6:09  Drone  
  99  6:12  Drone x2  
  99  6:15  Drone x2  
  99  6:16  Drone  
  99  6:18  Drone  
  105  6:19  Drone  
  106  6:30  Overlord x2  
  106  6:34  Overseer  
  106  6:38  Overlord x2  
  106  6:42  Overlord x3  
  106  6:50  Hatchery  
  106  6:51  Roach x4  
  113  7:00  Roach x3  
  121  7:01  Roach x3  
  121  7:05  Roach  
  121  7:06  Hydralisk Den  
  126  7:12  Roach x4  
  126  7:14  Roach  
  136  7:16  Roach  
  136  7:17  Roach  
  136  7:20  Overlord  
  136  7:21  Roach  
  142  7:24  Roach x2  
  146  7:33  Roach x2  
  146  7:35  Overlord  
  150  7:38  Roach  
  150  7:42  Roach x3  
  156  7:44  Roach x2  
  156  7:45  Roach x3  
  156  7:48  Roach x2  
  170  7:55  Overlord x2  
  170  8:01  Roach  
  170  8:05  Lurker Den  
  172  8:07  Ravager x3  
  172  8:08  Ravager x5  
  172  8:09  Ravager  
  172  8:10  Roach  
  183  8:13  Roach x2  
  183  8:15  Roach x2  
  183  8:17  Roach  
  183  8:18  Roach x2  
  183  8:19  Roach  
  199  8:29  Overlord x3  
  191  9:01  Hydralisk x3  
  191  9:02  Hydralisk x2  
  198  9:04  Hydralisk x2  
  198  9:06  Hydralisk x2  
  198  9:07  Overlord x2  
  182  9:20  Roach x3  
  182  9:22  Roach x3  
  163  9:35  Lurker x6  
  163  9:36  Drone x2  
  163  9:37  Drone x3  
  163  9:38  Roach x2  
  176  9:42  Roach  
  178  9:47  Roach  
  170  9:53  Zerg Missile Weapons Level 2  
  170  10:03  Roach x3  
  170  10:05  Extractor x2  
  170  10:06  Roach  
  170  10:07  Roach x6  
  185  10:15  Overlord, Roach  
  185  10:17  Roach x4  
  185  10:18  Roach  
  185  10:20  Roach x2  
  197  10:26  Roach  
  197  10:30  Drone x4  
  197  10:31  Spore Crawler  
  197  10:33  Roach  
  197  10:34  Overseer x2  
  198  10:36  Pneumatized Carapace  
  194  10:45  Roach x2  
  194  10:46  Roach  
  198  11:06  Infestation Pit  
  197  11:22  Hydralisk x2, Muscular Augments  
  187  11:57  Overlord x2  
  187  12:10  Zerg Ground Armor Level 1  
  187  12:26  Mutalisk x7  
  199  12:32  Overlord  
  197  12:49  Mutalisk x4  
  199  12:57  Hydralisk x4  
  195  13:09  Hydralisk x4  
  195  13:10  Hydralisk x2  
  193  13:13  Roach x5  
  193  13:17  Roach  
  193  13:19  Roach  
  191  13:24  Roach x2  
  191  13:30  Roach x2  
  191  13:31  Roach x4  
  191  13:32  Roach x4  
  185  13:35  Roach x4  
  185  13:37  Roach x2  
  185  13:38  Roach x3  
  163  13:41  Roach  
  163  13:45  Hydralisk x2  
  163  13:47  Ravager x2, Hydralisk, Lurker  
  172  13:50  Ravager x4  
  172  13:53  Roach x2  
  180  13:57  Roach  
  180  14:01  Roach  
  180  14:02  Overseer x2  
  184  14:03  Roach  
  184  14:07  Roach x2  
  184  14:09  Roach  
  177  14:15  Drone x2  
  177  14:16  Drone x3, Roach  
  177  14:17  Roach x3  
  186  14:19  Roach x3  
  193  14:25  Roach  
  193  14:26  Spine Crawler x2  
  193  14:27  Ravager x2  
  193  14:29  Roach x3  
  196  14:35  Hatchery  
Spawning Tool Build Advisor. Get it on Overwolf

Analysis

(Hatch F, ling,roach,muta,lurker)

Go to:

Details

  • Created by: DarkHeartz
  • Published on: Nov 15, 2016
  • Modified on: Nov 15, 2016
  • Patch: Pre-3.8.0
Show
View Real Time Build Order
Export as new Build Order

Comments (0)

There are no comments. Be the first!

Create an account to comment!